 Dungeon Crawl Stone Soup version 0.29-a0-925-g0a7a3d12f8 (webtiles) character file.

Game seed: 12595393199349418706

506 avis the Chiller (level 6, -6/52 HPs)
             Began as a Demigod Ice Elementalist on July 29, 2022.
             Mangled by a gnoll
             ... wielding a +2 whip of electrocution
             ... led by a gnoll sergeant
              (12 damage)
             ... on level 4 of the Dungeon.
             The game lasted 00:47:03 (5760 turns).

avis the Chiller (Demigod Ice Elementalist)         Turns: 5760, Time: 00:47:04

Health: -6/52      AC:  8    Str:  9    XL:     6   Next: 64%
Magic:  22/22      EV: 14    Int: 17    God:
Gold:   117        SH:  0    Dex: 22    Spells: 4/11 levels left

rFire   . . .      SeeInvis .   b - +0 arbalest
rCold   . . .      Faith    .   (shield currently unavailable)
rNeg    . . .      Spirit   .   g - +0 robe
rPois   .          Reflect  .   u - +1 helmet
rElec   .          Harm     .   m - +1 cloak
rCorr   .          Rampage  .   (no gloves)
Will    +....                   t - +1 pair of boots
Stlth   ++........              (no amulet)
HPRegen 0.17/turn               v - ring of magical power
MPRegen 0.18/turn               y - ring of willpower

@: no status effects
A: high MP 1, forlorn, divine attributes
a: no special abilities


You were on level 4 of the Dungeon.
You visited 1 branch of the dungeon, and saw 5 of its levels.

You collected 194 gold pieces.
You spent 77 gold pieces at shops.

Inventory:

Hand Weapons
 a - a +2 dagger of holy wrath
 b - a +0 arbalest (weapon)
 w - a +0 rapier
Missiles
 i - 3 boomerangs
 l - 6 poisoned darts
 n - 7 javelins
Armour
 g - a +0 robe (worn)
 m - a +1 cloak (worn)
 t - a +1 pair of boots (worn)
 u - a +1 helmet (worn)
 D - a +0 leather armour
Magical Staves
 C - a staff of earth
Jewellery
 k - a ring of protection from cold
 o - a +6 ring of strength
 v - a ring of magical power (left hand)
 y - a ring of willpower (right hand)
Scrolls
 c - a scroll of brand weapon {unknown}
 e - 2 scrolls of poison {unknown}
 f - 4 scrolls of vulnerability {unknown}
 h - 4 scrolls of enchant weapon {unknown}
 p - 2 scrolls of butterflies {unknown}
 q - 3 scrolls of magic mapping {unknown}
 s - 2 scrolls of identify {unknown}
 E - a scroll of immolation {unknown}
Potions
 d - 3 potions of curing
 j - a potion of mutation {unknown}
 r - 2 potions of attraction {unknown}
 x - a potion of flight
 z - a potion of might
 A - 2 potions of degeneration {unknown}
 B - a potion of magic


   Skills:
 - Level 4.0 Fighting
 * Level 0.8 Ranged Weapons
 - Level 3.0 Dodging
 - Level 2.0 Stealth
 - Level 3.0 Spellcasting
 - Level 5.0 Ice Magic


You had 4 spell levels left.
You knew the following spells:

 Your Spells              Type           Power      Damage    Failure   Level
a - Freeze                Ice            76%        1d9       2%          1
o - Ozocubu's Armour      Ice            19%        N/A       7%          3
r - Frozen Ramparts       Ice            38%        1d5       7%          3

Your spell library contained the following spells:

 Spells                   Type           Power      Damage    Failure   Level
 Portal Projectile        Hex/Tloc       4%         N/A       45%         3
 Tukima's Dance           Hex            2%         N/A       45%         3
 Hailstorm                Conj/Ice       11%        3d5       52%         4
 Blade Hands              Tmut           1%         N/A       99%         5


Dungeon Overview and Level Annotations

Branches:
Dungeon (5/15)
 Temple: D:4-7

Shops:
D:2 (   D:4 *

Annotations:
D:3 Unobtainable scroll


Innate Abilities, Weirdness & Mutations

You have an increased reservoir of magic. (+10% MP)
You shall have no god before yourself.
Your divine heritage dramatically boosts your attributes as you level up.


Message History

Press: ? - help, Q - select action, (/) - cycle Shift-Dir - straight line, f - orc
Aim: an orc, wielding a +0 flail (asleep, 98% to hit)
You shoot a bolt. The bolt hits the orc!
You kill the orc!
Okay, then.
You climb upwards.
There is a stone staircase leading down here.
There is a stone staircase leading down here.
You climb downwards.
You hear the hiss of flowing sand.
There is an entrance to an ossuary on this level.
Hurry and find it before the portal is buried!
The gnoll shouts! x2; The gnoll sergeant shouts!
The gnoll barely misses you.
The gnoll shouts!
There is a stone staircase leading up here.
Fire: b) +0 arbalest
Press: ? - help, Q - select action, (/) - cycle Shift-Dir - straight line, f - gnoll
Aim: a gnoll, wielding a +0 halberd (64% to hit)
You shoot a bolt.
The bolt hits the gnoll but does no damage.
The gnoll hits you from afar with a +0 halberd.
The gnoll sergeant closely misses you.
The gnoll hits you from afar with a +0 halberd!
The gnoll sergeant hits you from afar with a +0 spear!
The gnoll hits you but does no damage. The gnoll hits you but does no damage.
The gnoll sergeant hits you from afar with a +0 spear!
The gnoll misses you. x2
The gnoll hits you from afar with a +0 halberd!
* * * LOW HITPOINT WARNING * * *
You climb upwards.
There is a stone staircase leading down here.
The gnoll attacks as you move away! The gnoll closely misses you.
The gnoll closely misses you. The gnoll attacks as you move away!
The gnoll hits you with a +0 flail!
* * * LOW HITPOINT WARNING * * *
The gnoll attacks as you move away! The gnoll barely misses you.
The gnoll attacks as you move away! The gnoll hits you but does no damage.
You are electrocuted!
You die...

### #### #.####..##
###........##
#...........## ####
#............#
####..####...........##
#####....g@....#........##
##....>...g###..#.......##
#.......#......##.......##
##......#...........#.#..#
#.#...............##...##
###.).....##......#...##
####......###.........##
##..##............###...#
## ###....#....#.....###
##..###.


You could see 2 gnolls.

Vanquished Creatures
  Sigmund (D:3)
  Eustachio (D:4)
  An iguana (D:3)
  A gnoll (D:2)
  6 adders
  An ufetubus (D:4)
  3 worms
  4 dart slugs
  6 orcs
  9 bats
  10 endoplasms
  A giant cockroach (D:3)
  9 goblins
  11 hobgoblins
  A jackal (D:2)
  5 quokkas
  9 ball pythons
  5 kobolds
  5 rats
89 creatures vanquished.

Notes
Turn   | Place    | Note
-------+----------+-------------------------------------------
     0 | D:1      | avis the Demigod Ice Elementalist began the quest for the
                  | Orb.
     0 | D:1      | Reached XP level 1. HP: 14/14 MP: 5/5
   360 | D:1      | Reached skill level 1 in Fighting
   699 | D:1      | Reached XP level 2. HP: 23/23 MP: 4/7
  2126 | D:2      | Reached XP level 3. HP: 29/29 MP: 8/8
  2136 | D:2      | Learned a level 3 spell: Ozocubu's Armour
  2202 | D:2      | Found Ocron's Antique Weapon Shop.
  2415 | D:2      | Reached skill level 4 in Ice Magic
  2729 | D:2      | Reached XP level 4. HP: 36/37 MP: 0/9
  2733 | D:2      | Learned a level 3 spell: Frozen Ramparts
  3930 | D:3      | Noticed Sigmund
  3948 | D:3      | Killed Sigmund
  3949 | D:3      | Reached XP level 5. HP: 31/45 MP: 1/12
  4426 | D:3      | Reached XP level 6. HP: 51/51 MP: 13/13
  4732 | D:4      | Found Zeilusm's General Store.
  4826 | D:4      | Bought a potion of flight for 33 gold pieces
  4826 | D:4      | Bought a potion of might for 44 gold pieces
  5259 | D:4      | Reached skill level 5 in Ice Magic
  5286 | D:4      | Noticed Eustachio
  5293 | D:4      | Killed Eustachio
  5710 | D:5      | Entered Level 5 of the Dungeon
  5760 | D:4      | Mangled by a gnoll

Illustrated notes

Levels and vault maps discovered:
D:1:      wander_arrival_peaceful_grave, layout_basic,
          shapermc_ecumenical_altar_acropolis
D:2:      minmay_skewed_foursquare, layout_loops_corners, serial_shops, shop
D:3:      layout_basic, nicolae_overflow_crystal_walls, fedhas_altar_4,
          corexii_item_surrounded_by_moat, uniq_sigmund
D:4:      layout_cave_pools, nicolae_overflow_hidden_temple, serial_shops,
          nicolae_shop_competitors_out_of_business, kennysheep_dice,
          uniq_eustachio
D:5:      nicolae_cairo_tiling_large_dashed, layout_gridville,
          nicolae_ossuary_entry_false_entrances

Skill      XL: |  1  2  3  4  5  6 |
---------------+-------------------+-----
Fighting       | 1 2 3 4 |  4.0
Dodging        | 2 3 |  3.0
Spellcasting   | 2 3 |  3.0
Stealth        | 2 |  2.0
Ice Magic      | 4 5 |  5.0
Ranged Weapons | |  0.8

Action                   |  1- 3 |  4- 6 || total
-------------------------+-------+-------++-------
Melee: Dagger            |    16 |    21 ||    37
 Fire: Arbalest          |       |    24 ||    24
 Cast: Freeze            |    50 |    18 ||    68
       Ozocubu's Armour  |     1 |    12 ||    13
       Frozen Ramparts   |       |    10 ||    10
  Use: Potion            |       |     1 ||     1
 Stab: Sleeping          |    11 |    11 ||    22
Armor: Robe              |    11 |    14 ||    25
Dodge: Dodged            |    35 |    30 ||    65

Table legend: (Time is in decaauts)
 A = Elapsed time spent in this place.
 B = Non-inter-level travel time spent in this place.
 C = Inter-level travel time spent in this place.
 D = Time resting spent in this place.
 E = Time spent auto-exploring this place.
 F = Levels seen in this place.
 G = Mean time per level.
                   A        B        C        D        E       F      G
               +--------+--------+--------+--------+--------+-----+--------+
         Total |   5778 |   4467 |   1311 |   1332 |   2115 |   5 | 1155.6 |
       Dungeon |   5778 |   4467 |   1311 |   1332 |   2115 |   5 | 1155.6 |
               +--------+--------+--------+--------+--------+-----+--------+

Top non-repeatable levels by time:
     D:1: 1887 daAuts
     D:2: 1541 daAuts
     D:3: 1309 daAuts
     D:4: 1034 daAuts
     D:5: 7 daAuts
